 Dungeon Crawl Stone Soup version 0.26.0-45-g9c1d065592 (webtiles) character file.

Game seed: 10345207222954157122

(classic levelgen) 7380 thiole the Basher (level 11, -8/75 HPs)
             Began as an Octopode Hedge Wizard on Jan 31, 2021.
             Was an Initiate of Gozag.
             Mangled by a vampire (11 damage)
             ... on level 10 of the Dungeon.
             The game lasted 00:49:07 (13583 turns).

thiole the Basher (Octopode Hedge Wizard)          Turns: 13583, Time: 00:49:07

Health: -8/75      AC:  3    Str: 11    XL:     11   Next: 14%
Magic:  0/21       EV: 15    Int: 23    God:    Gozag
Gold:   774        SH:  0    Dex: 12    Spells: 7/24 levels left

rFire    . . .     SeeInvis .   m - +10 flail "Dosuulin" {freeze, +Fly rElec Str-5 Int+4}
rCold    . . .     Faith    .   (no shield)
rNeg     . . .     Spirit   +   b - +2 hat
rPois    +         Reflect  .   y - amulet of guardian spirit
rElec    +         Harm     .   i - ring of poison resistance
rCorr    .         Rampage  .   n - +6 ring of strength
Will     .....                  (no ring)
Stlth    ++++......             (no ring)
HPRegen  0.22/turn              (no ring)
MPRegen  0.17/turn              (no ring)
                                (no ring)
                                (no ring)

@: no status effects
A: almost no armour, stealthy swim, amphibious, 8 rings, constrict 8, camouflage
1, gelatinous body 1
a: Renounce Religion, Evoke Flight, Potion Petition, Call Merchant, Bribe Branch


You were on level 10 of the Dungeon.
You worshipped Gozag.
Gozag was pleased with you.
You visited 2 branches of the dungeon, and saw 11 of its levels.

You collected 1544 gold pieces.
You paid 770 gold pieces to Gozag.

Inventory:

Hand Weapons
 a - a +0 dagger
 c - a +2 dagger of venom
 m - the +10 flail "Dosuulin" (weapon) {freeze, +Fly rElec Str-5 Int+4}
   (You found it on level 7 of the Dungeon)

   It has been specially enchanted to freeze those struck by it, causing extra
   injury to most foes and up to half again as much damage against particularly
   susceptible opponents.
   It can also slow down cold-blooded creatures.
   It affects your strength (-5).
   It affects your intelligence (+4).
   It insulates you from electricity.
   It lets you fly.
 w - a +4 spear of venom
Missiles
 j - 66 sling bullets
 k - 276 stones
Armour
 b - a +2 hat (worn)
Jewellery
 i - a ring of poison resistance (left tentacle)
 n - a +6 ring of strength (right tentacle)
 y - an amulet of guardian spirit (around mantle)
Wands
 q - a wand of random effects (22)
 t - a wand of iceblast (10)
 D - a wand of enslavement (9)
Scrolls
 e - 3 scrolls of immolation
 f - a scroll of summoning
 h - 2 scrolls of enchant armour
 p - a scroll of fog
 s - 3 scrolls of amnesia
 z - a scroll of teleportation
 A - 5 scrolls of remove curse
 B - a scroll of enchant weapon
Potions
 g - 2 potions of brilliance
 o - 2 potions of flight
 u - 5 potions of attraction
 v - a potion of berserk rage
Miscellaneous
 d - a phial of floods (inert)
 l - a lightning rod (2/4)


   Skills:
 - Level 7.0 Fighting
 - Level 3.0 Short Blades
 - Level 8.0 Maces & Flails
 - Level 5.0 Dodging
 - Level 6.0 Stealth
 - Level 7.0 Spellcasting
 + Level 4.8 Conjurations
 + Level 2.4 Hexes
 - Level 4.0 Summonings
 - Level 1.0 Translocations
 - Level 4.0 Air Magic
 - Level 4.0 Poison Magic


You had 7 spell levels left.
You knew the following spells:

 Your Spells              Type           Power        Failure   Level
a - Magic Dart            Conj           100%         1%          1
b - Call Imp              Summ           26%          2%          2
c - Mephitic Cloud        Conj/Pois/Air  27%          4%          3
d - Blink                 Tloc           N/A          8%          2
e - Fulminant Prism       Conj/Hex       12%          17%         4
f - Dazzling Flash        Conj/Hex       48%          5%          3
g - Searing Ray           Conj           60%          1%          2

Your spell library contained the following spells:

 Spells                   Type           Power        Failure   Level
 Slow                     Hex            19%          4%          2
 Conjure Flame            Conj/Fire      19%          9%          3
 Iskenderun's Mystic Bla  Conj/Tloc      21%          24%         4


Dungeon Overview and Level Annotations

Branches:
Dungeon (10/15)            Temple (1/1) D:6             Orc (0/2) D:9
   Lair: D:8-11

Altars:
Ashenzari
Cheibriados
Dithmenos
Elyvilon
Fedhas
Gozag
Hepliaklqana
Kikubaaqudgha
Makhleb
Nemelex Xobeh
Okawaru
Qazlal
Ru
Sif Muna
Trog
Uskayaw
Vehumet
Wu Jian
Xom
Yredelemnul
Zin
The Shining One


Innate Abilities, Weirdness & Mutations

You cannot wear most types of armour.
You are very stealthy in the water. (Stealth+)
You are amphibious.
You can wear up to eight rings at the same time.
You can use your tentacles to constrict eight enemies at once.
Your skin changes colour to match your surroundings (Stealth+).
Your rubbery body absorbs attacks. (AC +1, EV +1)


Message History

Press: ? - help, Shift-Dir - straight line The searing ray hits something but does no damage. (Press . to maintain the ray.)
Something hits you! Something barely misses you.
The searing ray hits something.
Something hits you! Something bites you.
Something draws strength from your injuries!
Something barely misses you. Something bites you!
* * * LOW HITPOINT WARNING * * *
Something draws strength from your injuries!
Your magical contamination has completely faded away.
Without enough magic to sustain it, your searing ray dissipates.
Something hits you.
* * * LOW HITPOINT WARNING * * *
Something bites you!
* * * LOW HITPOINT WARNING * * *
Something draws strength from your injuries!
As you read the scroll of fear, it crumbles to dust.
You assume a fearsome visage.
Nothing appears to happen.
Something hits you!
You die...
Your body crumbles into a pile of gold.

######.# .# #.# .#
#.# ##.##
###.#############V..#
#.................#.#
#.#.#############...#
#.#.# ##$## # #.#
#######.# #.#
#.@{...$# #.#
#.#####.......
#.########.# ########
#.>........#
############


There were no monsters in sight!

Vanquished Creatures
  A two-headed ogre (D:8)
  An unseen horror (D:10)
  Maggie (D:7)
  3 trolls (D:9)
  A wyvern (D:10)
  A wraith (D:10)
  Grum (D:8)
  A warg (D:9)
  A water moccasin (D:5)
  A hornet zombie (D:9)
  2 ice beasts
  6 orc warriors
  A phantom (D:2)
  A sky beast (D:8)
  An ogre (D:9)
  A black bear (D:8)
  3 wolves
  4 centaurs
  5 bullfrogs
  A gnoll sergeant (D:9)
  A scorpion (D:5)
  12 killer bees
  5 wights (D:7)
  A bullfrog zombie (D:5)
  A centaur zombie (D:6)
  4 hounds
  3 jellies
  13 orc wizards
  5 orc priests
  2 bullfrog skeletons
  3 iguanas
  7 worker ants
  13 gnolls
  3 adders
  A white imp (D:9)
  An ooze (D:1)
  An ufetubus (D:9)
  A worm (D:2)
  A dart slug (D:2)
  A leopard gecko (D:4)
  25 orcs
  5 bats
  4 giant cockroaches
  5 hobgoblins
  12 jackals
  10 kobolds
  2 quokkas
  2 ball pythons
  6 frilled lizards
  5 goblins
  A leopard gecko skeleton (D:4)
  A leopard gecko zombie (D:8)
  8 rats
202 creatures vanquished.

Vanquished Creatures (collateral kills)
  3 ogres
  A centaur (D:7)
  A scorpion (D:7)
  2 killer bees (D:9)
  A hound (D:7)
  3 orc wizards
  2 orc priests
  3 iguanas
  A hound zombie (D:7)
  4 gnolls
  4 orcs
  3 jackals
28 creatures vanquished.

Vanquished Creatures (others)
  A killer bee (D:9)
  A warg (D:9)
  An orc (D:9)
3 creatures vanquished.

Grand Total: 233 creatures vanquished

Notes
Turn   | Place    | Note
-------+----------+-------------------------------------------
     0 | D:1      | thiole the Octopode Hedge Wizard began the quest for the
                  | Orb.
     0 | D:1      | Reached XP level 1. HP: 11/11 MP: 4/4
   123 | D:1      | Reached XP level 2. HP: 14/17 MP: 0/6
   287 | D:1      | Reached skill level 1 in Fighting
   875 | D:1      | Reached XP level 3. HP: 24/24 MP: 0/7
  1526 | D:2      | Found a hide-covered altar of Uskayaw.
  1972 | D:2      | Noticed a phantom
  2319 | D:3      | Reached XP level 4. HP: 21/29 MP: 1/8
  2424 | D:3      | Found a broken altar of Ashenzari.
  2465 | D:3      | Reached skill level 5 in Stealth
  2465 | D:3      | Reached XP level 5. HP: 12/34 MP: 7/9
  3053 | D:4      | Learned a level 2 spell: Call Imp
  3057 | D:4      | Learned a level 3 spell: Mephitic Cloud
  3060 | D:4      | Learned a level 2 spell: Blink
  3111 | D:4      | Noticed an ogre
  3121 | D:4      | Killed an ogre
  3132 | D:4      | Reached XP level 6. HP: 30/39 MP: 1/10
  3157 | D:4      | Reached skill level 1 in Air Magic
  3157 | D:4      | Reached skill level 1 in Poison Magic
  4370 | D:2      | Killed a phantom
  4371 | D:2      | Reached XP level 7. HP: 28/45 MP: 0/12
  4751 | D:5      | Entered Level 5 of the Dungeon
  5094 | D:5      | Found a hazy altar of Hepliaklqana.
  5177 | D:5      | Reached skill level 5 in Spellcasting
  6235 | D:6      | Found a basalt altar of Yredelemnul.
  6259 | D:6      | Found a staircase to the Ecumenical Temple.
  6271 | Temple   | Entered the Ecumenical Temple
  6297 | Temple   | Became a worshipper of Gozag Ym Sagoz the Greedy
  6389 | D:6      | Reached XP level 8. HP: 35/51 MP: 15/15
  7914 | D:7      | Learned a level 2 spell: Slow
  7946 | D:7      | Got a pitted flail
  7951 | D:7      | Identified the +10 flail "Dosuulin" {freeze, +Fly rElec
                  | Str-5 Int+4} (You found it on level 7 of the Dungeon)
  7985 | D:7      | Reached skill level 1 in Short Blades
  8976 | D:8      | Noticed Grum
  8976 | D:8      | Noticed a two-headed ogre
  8981 | D:7      | Reached skill level 1 in Maces & Flails
  9008 | D:8      | Found a shimmering blue altar of Sif Muna.
  9008 | D:8      | Found an iron altar of Okawaru.
  9008 | D:8      | Found a glowing golden altar of the Shining One.
  9008 | D:8      | Found a sacrificial altar of Ru.
  9286 | D:8      | Noticed Maggie
  9293 | D:7      | Reached skill level 2 in Maces & Flails
  9293 | D:7      | Reached skill level 5 in Dodging
  9372 | D:7      | Reached skill level 3 in Maces & Flails
  9372 | D:7      | Reached XP level 9. HP: 39/58 MP: 12/16
  9567 | D:7      | Killed Maggie
  9568 | D:7      | Reached skill level 4 in Maces & Flails
  9814 | D:8      | Found a shimmering blue altar of Sif Muna.
  9814 | D:8      | Found a blossoming altar of Fedhas.
  9816 | D:8      | Found a burning altar of Makhleb.
  9816 | D:8      | Found an ancient bone altar of Kikubaaqudgha.
  9817 | D:8      | Found a white marble altar of Elyvilon.
 10499 | D:8      | Reached skill level 5 in Fighting
 10632 | D:8      | HP: 3/62 [poisoned by a killer bee]
 10639 | D:8      | HP: 3/62 [poisoned by a killer bee]
 10964 | D:8      | Killed a two-headed ogre
 10965 | D:8      | Reached skill level 5 in Maces & Flails
 10965 | D:8      | Reached XP level 10. HP: 38/69 MP: 6/17
 11177 | D:8      | Killed Grum
 11178 | D:8      | Reached skill level 6 in Maces & Flails
 11427 | D:9      | HP: 1/71 [killer bee (3)]
 11432 | D:9      | HP: 1/71 [killer bee (2)]
 12530 | D:9      | Found a blossoming altar of Fedhas.
 12744 | D:9      | Found a staircase to the Orcish Mines.
 12879 | D:9      | Reached skill level 7 in Maces & Flails
 13021 | D:10     | Entered Level 10 of the Dungeon
 13182 | D:10     | Learned a level 4 spell: Fulminant Prism
 13186 | D:10     | Learned a level 3 spell: Dazzling Flash
 13189 | D:10     | Learned a level 2 spell: Searing Ray
 13211 | D:10     | Reached XP level 11. HP: 75/75 MP: 21/21
 13254 | D:10     | Reached skill level 1 in Hexes
 13407 | D:10     | Killed an unseen horror
 13408 | D:10     | Reached skill level 8 in Maces & Flails
 13582 | D:10     | HP: 3/75 [something (8)]
 13583 | D:10     | Mangled by a vampire

Illustrated notes

Levels and vault maps discovered:
D:1:      minmay_arrival_semitransparent, layout_basic, corexii_corridor_pit
D:2:      layout_rooms, eat_drink_and_be_merry_uskayaw
D:3:      layout_basic, marbit_many_paths, serial_curves, eino_curves_03,
          eino_curves_03, glass_columns_a
D:4:      layout_layer_cave, minmay_misc_feat_pillars,
          chequers_serial_rivers_small_b
D:5:      layout_loops_ring, kennysheep_little_box
D:6:      layout_rooms, lemuel_doored_altar, minmay_temple_entry_glass
D:7:      layout_gridville, grunt_ministairs_15
D:8:      layout_cave_pools, grunt_temple_overflow_open, basic_altar, uniq_grum,
          uniq_maggie
D:9:      layout_irregular_city, erik_orc_4, basic_altar
D:10:     layout_loops_ring, erik_lair_island
Temple:   chequers_temple_sunken

Skill      XL: |  1  2  3  4  5  6  7  8  9 10 11 |
---------------+----------------------------------+-----
Conjurations   | 2 4 |  4.8
Fighting       | 1 2 4 6 7 |  7.0
Summonings     | 2 4 |  4.0
Stealth        | 4 5 6 |  6.0
Dodging        | 4 5 |  5.0
Air Magic      | 2 4 |  4.0
Poison Magic   | 2 4 |  4.0
Spellcasting   | 5 7 |  7.0
Short Blades   | 3 |  3.0
Maces & Flails | 3 5 7 8 |  8.0
Hexes          | 2 |  2.4
Translocations | |  1.0

Action                   |  1- 3 |  4- 6 |  7- 9 | 10-12 || total
-------------------------+-------+-------+-------+-------++-------
Melee: Dagger            |    20 |    45 |    58 |       ||   123
       Constrict         |     5 |     4 |    35 |    19 ||    63
       Tentacles         |     3 |     6 |    31 |    17 ||    57
       Flail             |       |       |   130 |   136 ||   266
 Cast: Magic Dart        |   112 |    35 |    69 |    74 ||   290
       Call Imp          |       |    15 |    68 |     2 ||    85
       Mephitic Cloud    |       |       |     9 |    20 ||    29
       Searing Ray       |       |       |       |     7 ||     7
Invok: Potion Petition   |       |       |       |     2 ||     2
Evoke: Wand              |       |       |     3 |     3 ||     6
       Phial of floods   |       |       |     1 |     1 ||     2
       Lightning rod     |       |       |       |     2 ||     2
  Use: Scroll            |       |     5 |    17 |     6 ||    28
       Potion            |       |     2 |    11 |     2 ||    15
 Stab: Distracted        |       |     2 |       |       ||     2
       Sleeping          |       |       |     6 |     2 ||     8
       Invisible         |       |       |     1 |     3 ||     4
       Confused          |       |       |       |     3 ||     3
Armor: Skin              |     3 |    11 |    16 |    15 ||    45
Dodge: Dodged            |    28 |    20 |   187 |   151 ||   386
